AoeStats
← eS I Zytek

Arena

509937763Analyzed
4v4 RM · 4d ago on Sep 28, 2026· 47m 44s· 8 players
Game mode
Random Map
Map size
Large (8 player)
Population
200
Speed
Normal
Resources
Standard
Victory
Conquest
Starting age
Dark Age
Ending age
Imperial Age
RankedLock teamsTeams togetherTeam positionsShared explorationLock speedFull tech treeHidden civsTurbo modeCheats
Victory
Defeat
🇫🇷 Goths · France
1408
+17
🇫🇷 Magyars · France
1379
+16
🇫🇷 Lithuanians · France
1372
+16
🇫🇷 Franks · France
1352
+17
🇳🇴 Aztecs · Norway
1458
-19
🇵🇪 Hindustanis · Peru
1386
-16
🇦🇷 Inca · Argentina
1348
-15
🇩🇪 Sicilians · Germany
1337
-14
Joestar
10:19 Feudal Age
14:10 Castle Age
12:57 Double-Bit Axe
14:29 Loom
16:23 Wheelbarrow
18:25 Forging
19:49 Scale Mail Armor
20:56 Gold Mining
22:25 Grand Trunk Road
23:31 Redemption
27:10 Iron Casting
29:39 Fervor
32:43 Imperial Age
30:42 Bow Saw
31:12 Gold Shaft Mining
30:39 Stone Mining
32:40 Chain Mail Armor
34:09 Conscription
39:27 Blast Furnace
40:25 Stone Shaft Mining
39:28 Man-at-Arms
40:09 Squires
40:01 Long Swordsman
Heiner
10:28 Feudal Age
14:15 Castle Age
14:06 Double-Bit Axe
14:03 Horse Collar
15:04 Heavy Plow
20:12 Bow Saw
21:11 Scale Mail Armor
22:24 Wheelbarrow
21:49 Gold Mining
21:57 Pikeman
22:38 Squires
23:55 Chain Mail Armor
25:26 Chain Mail Armor
25:21 Forging
28:12 Imperial Age
27:23 Hand Cart
27:18 Stone Mining
28:40 Ballistics
29:32 Plate Mail Armor
30:57 Chemistry
29:20 Heavy Scorpion
32:06 Iron Casting
32:35 Halberdier
34:17 Blast Furnace
33:27 Siege Engineers
33:29 Town Watch
33:32 Loom
40:30 Conscription
42:28 Arson
Haniek!!
13:18 Feudal Age
14:05 Double-Bit Axe
17:51 Castle Age
15:35 Horse Collar
15:48 Gold Mining
15:51 Stone Mining
19:23 Bow Saw
19:20 Heavy Plow
21:06 Wheelbarrow
25:11 Scale Mail Armor
25:21 Forging
26:16 Squires
26:01 Arson
25:38 Champi Runner
28:43 Hand Cart
27:50 Champi Warrior
30:32 Loom
30:34 Town Watch
33:34 Imperial Age
32:14 Chain Mail Armor
32:35 Iron Casting
33:01 Gold Shaft Mining
33:19 Town Patrol
34:18 Stone Shaft Mining
33:43 Elite Champi Warrior
33:46 Capped Ram
35:33 Plate Mail Armor
36:04 Blast Furnace
36:01 Crop Rotation
35:05 Pikeman
35:55 Fabric Shields
Sasha The Bunny
11:36 Feudal Age
15:12 Castle Age
13:28 Horse Collar
14:53 Double-Bit Axe
16:23 Bow Saw
19:06 Fervor
19:39 Loom
20:31 Wheelbarrow
19:42 Town Watch
20:53 Heavy Plow
22:46 Hand Cart
23:02 Scale Mail Armor
23:12 Forging
24:04 Eagle Warrior
25:13 Chain Mail Armor
24:55 Gold Mining
25:02 Stone Mining
26:00 Squires
25:46 Arson
26:41 Iron Casting
29:04 Gold Shaft Mining
28:58 Treadmill Crane
30:08 Coinage
32:42 Imperial Age
32:58 Atlatl
32:53 Elite Eagle Warrior
34:07 Plate Mail Armor
35:07 Blast Furnace
34:44 Elite Skirmisher
36:10 Garland Wars
37:31 Man-at-Arms
38:46 Gambesons
39:24 Long Swordsman
40:05 Two-Handed Swordsman
40:50 Champion
41:14 Pikeman
vN eRaaz
10:20 Feudal Age
14:47 Castle Age
12:59 Double-Bit Axe
15:24 Horse Collar
16:02 Loom
16:42 Bow Saw
23:18 Heavy Plow
24:16 Wheelbarrow
24:19 Gold Mining
24:59 Town Watch
26:41 Ballistics
27:17 Gold Shaft Mining
30:27 Imperial Age
27:55 Fletching
28:05 Padded Archer Armor
28:45 Masonry
29:04 Thumb Ring
29:23 Bloodlines
29:17 Husbandry
29:30 Bodkin Arrow
30:31 Leather Archer Armor
31:09 Recurve Bow
32:18 Chemistry
32:02 Parthian Tactics
32:19 Crop Rotation
32:56 Two-Man Saw
32:39 Bracer
34:14 Conscription
34:39 Heavy Cavalry Archer
x FalKo i
3:28 Loom
11:16 Feudal Age
15:49 Castle Age
14:33 Double-Bit Axe
17:51 Scale Barding Armor
21:38 Wheelbarrow
23:16 Town Watch
23:29 Stone Mining
24:38 Gold Mining
25:02 Bow Saw
31:18 Imperial Age
30:42 Chain Barding Armor
30:32 Forging
30:35 Husbandry
31:22 Cavalier
32:52 Plate Barding Armor
32:56 Iron Casting
33:28 Gold Shaft Mining
35:03 Paladin
41:40 Blast Furnace
41:58 Hoardings
41:52 Conscription
43:14 Fletching
43:41 Clinker Construction
43:39 Siege Engineers
44:39 Chemistry
46:14 Bodkin Arrow
Saymyname3451
9:38 Feudal Age
14:15 Castle Age
12:50 Double-Bit Axe
13:09 Horse Collar
16:32 Bow Saw
20:16 Loom
21:54 Wheelbarrow
21:45 Heavy Plow
21:56 Gold Mining
22:01 Stone Mining
23:45 Hand Cart
26:18 Bow Saw
28:58 Imperial Age
27:36 Gold Mining
28:23 Stone Shaft Mining
28:14 Scale Barding Armor
28:19 Forging
29:48 Chain Barding Armor
30:24 Crop Rotation
30:59 Two-Man Saw
30:55 Conscription
31:31 Iron Casting
31:32 Plate Barding Armor
31:16 Masonry
31:01 Fletching
30:47 Elite Leitis
31:52 Bloodlines
31:43 Husbandry
33:16 Architecture
33:10 Ballistics
42:00 Loom
42:34 Bodkin Arrow
43:44 Chemistry
42:41 Murder Holes
eS I Zytek
8:53 Loom
11:04 Feudal Age
14:36 Castle Age
12:38 Double-Bit Axe
12:56 Horse Collar
16:05 Bow Saw
22:07 Heavy Plow
22:19 Fletching
23:22 Fervor
23:35 Sanctity
24:28 Scale Mail Armor
25:49 Bodkin Arrow
27:21 Wheelbarrow
26:31 Town Watch
28:29 Stone Mining
29:25 Gold Mining
30:55 Stone Shaft Mining
35:04 Imperial Age
33:42 Chain Mail Armor
33:38 Forging
33:47 Hand Cart
35:15 Anarchy
35:52 Squires
39:05 Iron Casting
40:33 Capped Ram
42:17 Blast Furnace
41:17 Bracer
41:47 Perfusion
46:01 Padded Archer Armor
46:39 Conscription
47:09 Town Patrol
48:22 Crop Rotation
Connection lost

Rejoining the realm…

Still unreachable

The connection could not be restored.

Session expired

The server has moved on; the page needs a fresh start.